 Dungeon Crawl Stone Soup version 0.30.0-15-g856e2d3f33 (webtiles) character file.

Game seed: 5664047205065361477

237 goupaloupa the Chopper (level 5, -6/41 HPs)
             Began as a Demonspawn Fighter on May 18, 2023.
             Mangled by an ogre
             ... wielding a +0 giant club
              (8 damage)
             ... on level 5 of the Dungeon.
             The game lasted 00:12:00 (3668 turns).

goupaloupa the Chopper (Demonspawn Fighter)         Turns: 3668, Time: 00:12:00

Health: -6/41      AC: 11    Str: 17    XL:     5   Next: 77%
Magic:  5/5        EV:  5    Int:  9    God:
Gold:   209        SH:  0    Dex: 22    Spells: 4/4 levels left

rFire   . . .        a - +0 war axe
rCold   . . .        (no shield)
rNeg    . . .        g - +0 plate armour
rPois   .            (no helmet)
rElec   .            (no cloak)
rCorr   .            (no gloves)
SInv    +            (no boots)
Will    .....        j - amulet of the acrobat Stlth
                     b - +6 ring of dexterity
HPRegen 0.26/turn    l - ring of see invisible
MPRegen 0.18/turn

%: acrobat
@: no status effects
A: foul stench 1, magic regeneration, demonic touch 1, agile 1
a: no special abilities


You were on level 5 of the Dungeon.
You visited 2 branches of the dungeon, and saw 6 of its levels.

You collected 209 gold pieces.

Inventory:

Hand Weapons
 a - a +0 war axe (weapon)
Missiles
 h - 29 stones (quivered)
 r - 4 poisoned darts
Armour
 c - a +0 buckler
 g - a +0 plate armour (worn)
Jewellery
 b - a +6 ring of dexterity (left hand)
 i - a ring of resist corrosion
 j - an amulet of the acrobat (around neck)
 l - a ring of see invisible (right hand)
 n - a ring of protection from cold
 p - a +6 ring of strength
Wands
 s - a wand of polymorph (5)
Scrolls
 e - a scroll of teleportation
 f - 2 scrolls of identify
 k - a scroll of fear
 m - a scroll of magic mapping
 t - 2 scrolls of poison
Potions
 d - a potion of might
 o - a potion of brilliance
 q - a potion of haste


   Skills:
 + Level 3.6 Fighting
 + Level 4.4 Axes
 + Level 0.1 Throwing
 + Level 3.5 Armour
 + Level 0.2 Dodging
 + Level 3.1 Shields


You had 4 spell levels left.
You didn't know any spells.
Your spell library contained the following spells:

 Spells                   Type           Power      Damage    Failure   Level
 Beastly Appendage        Tmut           0%         N/A       100%        1
 Foxfire                  Conj/Fire      0%         2x1d4     100%        1
 Lesser Beckoning         Tloc           0%         N/A       100%        2
 Wereblood                Tmut           0%         N/A       100%        2
 Gell's Gravitas          Tloc           0%         N/A       100%        3
 Spider Form              Tmut/Pois      0%         N/A       100%        3
 Teleport Other           Tloc           0%         N/A       100%        3
 Fireball                 Conj/Fire      0%         3d3       100%        5
 Plasma Beam              Fire/Air       0%         2x1d11    100%        6
 Starburst                Conj/Fire      0%         6d3       100%        6


Dungeon Overview and Level Annotations

Branches:
Dungeon (5/15)             Temple (1/1) D:4

Altars:
Ashenzari
Cheibriados
Fedhas
Gozag
Kikubaaqudgha
Makhleb
Ru
Sif Muna
Uskayaw
Wu Jian
Xom
Yredelemnul

Shops:
D:4 **


Innate Abilities, Weirdness & Mutations

You may rarely emit foul miasma when damaged in melee.
You regenerate magic rapidly.
Your touch may inflict minor irresistible damage on your foes.
You are agile. (Dex +4, Str/Int -1)


Message History

Done exploring.
There is a stone staircase leading down here.
You climb downwards.
There is a stone staircase leading up here.
The shadow imp barely misses you.
You barely miss the shadow imp.
You touch the shadow imp.
The shadow imp is severely wounded.
The shadow imp shouts, "Admit defeat, thou bootless nose-picking flim-flammer!"
The shadow imp hits you but does no damage.
You hit the shadow imp.
The shadow imp is almost dead.
The shadow imp hits you but does no damage.
You hit the shadow imp.
You kill the shadow imp!
You open the door.
There is an open door here.
As you open the door, it creaks loudly!
An ogre comes into view. It is wielding a +0 giant club.
The ogre shouts!
You hit the ogre.
The ogre is lightly wounded.
The ogre hits you with a +0 giant club!
You slash the ogre!
The ogre is moderately wounded.
The ogre hits you with a +0 giant club!
You completely miss the ogre. Your touch misses the ogre.
The ogre is moderately wounded.
The ogre hits you with a +0 giant club!
* * * LOW HITPOINT WARNING * * *
You barely miss the ogre.
The ogre is moderately wounded.
The ogre hits you with a +0 giant club.
* * * LOW HITPOINT WARNING * * *
You barely miss the ogre.
You touch the ogre!
The ogre is severely wounded.
The ogre barely misses you.
You slash the ogre!
The ogre is almost dead.
The ogre hits you with a +0 giant club!
You die...

...# ..#######
#.......#
####.......# #+#
#..#.......# ~.~~
#.........# ....~
###.......#
.##..~#.........#
####..O@.###'####
####.~#..# #.##
.##.. #..#
#..####### ....
#..# ##.#......
~~. #### #<...##
## #.##..#
#.....## ###....#
#....#


You could see an ogre.

Vanquished Creatures
  A centaur (D:4)
  A gnoll bouda (D:3)
  3 gnolls (D:3)
  An adder (D:2)
  A shadow imp (D:5)
  A worm (D:4)
  3 dart slugs
  3 orcs
  5 endoplasms
  4 giant cockroaches
  6 goblins
  7 hobgoblins
  6 jackals
  A quokka (D:3)
  8 ball pythons
  3 bats
  A frilled lizard (D:1)
  10 kobolds
  6 rats
71 creatures vanquished.

Notes
Turn   | Place    | Note
-------+----------+-------------------------------------------
     0 | D:1      | goupaloupa the Demonspawn Fighter began the quest for the
                  | Orb.
     0 | D:1      | Reached XP level 1. HP: 18/18 MP: 1/1
   178 | D:1      | Gained mutation: Your touch may inflict minor irresistible
                  | damage on your foes. [demonic ancestry]
   178 | D:1      | Reached XP level 2. HP: 24/24 MP: 2/2
   422 | D:1      | Reached skill level 2 in Axes
   639 | D:1      | Found a faded altar of an unknown god.
  1165 | D:2      | Reached XP level 3. HP: 28/29 MP: 3/3
  1923 | D:3      | Noticed a +0 hand axe
  1923 | D:3      | Noticed a +0 dagger
  1926 | D:3      | Found a hide-covered altar of Uskayaw.
  2104 | D:3      | Gained mutation: You regenerate magic rapidly. [demonic
                  | ancestry]
  2104 | D:3      | Reached XP level 4. HP: 35/35 MP: 4/4
  2109 | D:3      | Reached skill level 3 in Axes
  2167 | D:3      | Found a faded altar of an unknown god.
  2191 | D:3      | Found a burning altar of Makhleb.
  2313 | D:3      | Gained mutation: You may rarely emit foul miasma when
                  | damaged in melee. [demonic ancestry]
  2313 | D:3      | Reached XP level 5. HP: 41/41 MP: 5/5
  2404 | D:3      | Gained mutation: You are frail. (-10% HP) [potion of
                  | mutation]
  2404 | D:3      | Gained mutation: You are agile. (Dex +4, Str/Int -1)
                  | [potion of mutation]
  2404 | D:3      | Lost mutation: You are frail. (-10% HP) [potion of
                  | mutation]
  2524 | D:4      | Noticed a centaur
  2534 | D:4      | Killed a centaur
  2535 | D:4      | Reached skill level 4 in Axes
  2593 | D:4      | Found a snail-covered altar of Cheibriados.
  2774 | D:4      | Found a staircase to the Ecumenical Temple.
  2783 | Temple   | Entered the Ecumenical Temple
  3050 | D:4      | Found Anyeluoz's Specific Store.
  3052 | D:4      | Found Dewier's General Store.
  3640 | D:5      | Entered Level 5 of the Dungeon
  3662 | D:5      | Noticed an ogre
  3666 | D:5      | HP: 1/41 [ogre/+0 giant club (4)]
  3668 | D:5      | Mangled by an ogre

Illustrated notes

Levels and vault maps discovered:
D:1:      heliophobic_arrival_battle_scene, layout_loops_ring,
          shapermc_ecumenical_altar_mp_highgroup,
          hangedman_decor_clover_reticule, serial_park_tiny_1, chequers_jeans
D:2:      layout_loops_ring, minmay_pentomino_v4
D:3:      layout_basic, dancing_weapons_uskayaw,
          nicolae_overflow_ecumenical_swirl
D:4:      layout_basic, lemuel_tele_altar, nicolae_overflow_hidden_temple,
          minmay_temple_entry_antechambers, nrook_campfire,
          nicolae_specific_store
D:5:      layout_basic, mainiacjoe_overflow_divided_tiny,
          chequers_hall_statues_wall_a, kennysheep_another_room
Temple:   nicolae_temple_bog_church

Skill      XL: |  1  2  3  4  5 |
---------------+----------------+-----
Shields        | 3 |  3.1
Axes           | 2 3 4 |  4.4
Armour         | 3 |  3.5
Fighting       | |  3.6
Throwing       | |  0.1
Dodging        | |  0.2

Action                     |  1- 3 |  4- 6 || total
---------------------------+-------+-------++-------
  Melee: War axe           |   125 |    53 ||   178
         Touch             |    10 |    11 ||    21
  Throw: Stone             |     3 |       ||     3
    Use: Scroll            |     6 |     4 ||    10
         Potion            |     1 |     1 ||     2
 Armour: Scale mail        |     8 |       ||     8
         Plate armour      |    89 |    27 ||   116
  Dodge: Dodged            |    42 |    22 ||    64
  Block: Buckler           |     1 |       ||     1
